 Dungeon Crawl Stone Soup version 0.30-a0-377-g5cb311bc9f (webtiles) character file.

Game seed: 8392629895544429782

53 SmokeWeed the Grasshopper (level 3, 0/27 HPs)
             Began as a Demonspawn Warper on Nov 30, 2022.
             Slain by Grinder (3 damage)
             ... on level 3 of the Dungeon.
             The game lasted 00:05:46 (2405 turns).

SmokeWeed the Grasshopper (Demonspawn Warper)       Turns: 2405, Time: 00:05:47

Health: 0/27       AC:  6    Str: 11    XL:     3   Next: 64%
Magic:  6/6        EV: 10    Int: 16    God:
Gold:   108        SH:  0    Dex: 12    Spells: 4/6 levels left

rFire   . . .      SeeInvis .    a - +0 falchion (vorpal)
rCold   . . .      Faith    .    (no shield)
rNeg    . . .      Spirit   .    h - +0 ring mail
rPois   .          Reflect  .    (no helmet)
rElec   .          Harm     .    k - +0 cloak
rCorr   .          Rampage  .    (no gloves)
Will    .....                    (no boots)
Stlth   +.........               (no amulet)
HPRegen 0.24/turn                (no ring)
MPRegen 0.10/turn                (no ring)

@: no status effects
A: foul stench 1
a: no special abilities


You were on level 3 of the Dungeon.
You visited 1 branch of the dungeon, and saw 3 of its levels.

You collected 108 gold pieces.

Inventory:

Hand Weapons
 a - a +0 vorpal falchion (weapon)
Missiles
 i - 2 poisoned darts (quivered)
 r - 14 stones
Armour
 b - a +0 leather armour
 h - a +0 ring mail (worn)
 k - a +0 cloak (worn)
Scrolls
 c - a scroll of blinking
 g - a scroll of identify
 o - a scroll of brand weapon
Potions
 e - 3 potions of curing
 s - a potion of cancellation


   Skills:
 + Level 2.2 Fighting
 + Level 2.5 Long Blades
 + Level 1.3 Throwing
 + Level 1.5 Armour
 + Level 1.8 Dodging
 + Level 2.2 Spellcasting
 + Level 2.9 Translocations


You had 4 spell levels left.
You knew the following spells:

 Your Spells              Type           Power      Damage    Failure   Level
a - Blink                 Tloc           22%        N/A       22%         2

Your spell library contained the following spells:

 Spells                   Type           Power      Damage    Failure   Level
 Lesser Beckoning         Tloc           22%        N/A       38%         3
 Teleport Other           Tloc           11%        N/A       38%         3
 Ensorcelled Hibernation  Hex/Ice        2%         N/A       58%         2
 Vhi's Electric Charge    Tloc/Air       12%        N/A       61%         3
 Manifold Assault         Tloc           11%        N/A       80%         4
 Spider Form              Tmut/Pois      1%         N/A       82%         3
 Summon Guardian Golem    Hex/Summ       1%         N/A       82%         3
 Anguish                  Hex/Necr       0%         N/A       99%         4
 Orb of Destruction       Conj           0%         9d5       100%        7
 Spellforged Servitor     Conj/Summ      0%         N/A       100%        7


Dungeon Overview and Level Annotations

Branches:
Dungeon (3/15)

Altars:

Shops:
D:2 :

Annotations:
D:3 Grinder


Innate Abilities, Weirdness & Mutations

You may rarely emit foul miasma when damaged in melee.


Message History

You throw a boomerang of dispersal.
The boomerang of dispersal barely misses Grinder.
Grinder zaps a wand.
The puff of flame hits you.
You throw a poisoned dart.
The poisoned dart barely misses Grinder.
You hit Grinder but do no damage.
Grinder is lightly wounded.
Grinder hits you.
You barely miss Grinder.
Grinder is lightly wounded.
Grinder gestures at you. You resist with significant effort. Grinder hits you!
* * * LOW HITPOINT WARNING * * *
You writhe in agony.
* * * LOW HITPOINT WARNING * * *
It was a potion of heal wounds.
You feel much better.
Grinder says, "Don't move a muscle."
Grinder hits you!
You writhe in agony.
It was a potion of haste.
You feel yourself speed up.
Grinder says, "Wait up."
Grinder zaps a wand.
The puff of flame hits you!
Ouch! That really hurt!
* * * LOW HITPOINT WARNING * * *
It was a potion of cancellation.
Your magical effects are unravelling.
You feel magically purged.
You feel yourself slow down.
You hit Grinder but do no damage.
Grinder is lightly wounded.
Grinder closely misses you.
You hit Grinder.
Grinder is moderately wounded.
Grinder zaps a wand.
The puff of flame misses you.
Grinder blinks!
Grinder rolls her eyes.
Grinder zaps a wand.
The puff of flame hits you.
* * * LOW HITPOINT WARNING * * *
Things that are here:
a curare-tipped dart; a rat corpse
Found a stone staircase leading down.
Grinder hits you.
You die...

#.# #.# #.# #.# #.# #.#
#.# ##.## #.###...##
###.##.....###
.............# #######
....##.....#.####5......
#######...##.##.@.......
##.###.##(#.#..#.#
#................
########.#)#..#.#
#.....>.. ..........
###......# ..##### ...


You could see Grinder.

Vanquished Creatures
  2 adders
  2 worms (D:2)
  2 dart slugs (D:1)
  3 endoplasms
  4 goblins
  2 hobgoblins
  2 kobolds
  A quokka (D:1)
  A ball python (D:1)
  5 bats
  A rat (D:3)
25 creatures vanquished.

Notes
Turn   | Place    | Note
-------+----------+-------------------------------------------
     0 | D:1      | SmokeWeed the Demonspawn Warper began the quest for the
                  | Orb.
     0 | D:1      | Reached XP level 1. HP: 16/16 MP: 3/3
   446 | D:1      | Gained mutation: You may rarely emit foul miasma when
                  | damaged in melee. [demonic ancestry]
   446 | D:1      | Reached XP level 2. HP: 17/22 MP: 5/5
   457 | D:1      | Learned a level 2 spell: Blink
   521 | D:1      | Found a faded altar of an unknown god.
   965 | D:2      | Reached skill level 1 in Armour
  1134 | D:2      | Reached skill level 1 in Throwing
  1242 | D:2      | Reached XP level 3. HP: 9/27 MP: 6/6
  1945 | D:2      | Found Mewut's Book Boutique.
  2377 | D:3      | Noticed Grinder
  2405 | D:3      | Slain by Grinder

Illustrated notes

Levels and vault maps discovered:
D:1:      dpeg_arrival_radiant, layout_loops_ring, basic_ecumenical_altar,
          moated_statue
D:2:      kennysheep_big_flooded_room, layout_basic, serial_shops,
          nicolae_shop_hallway_stairs, wad_floor_pattern_untrapped,
          minmay_misc_feat_columns, minmay_misc_feat_four_crosses,
          serial_bayou_crossing
D:3:      layout_loops_ring, minmay_lizard_king, uniq_grinder

Skill      XL: |  1  2 |
---------------+-------+-----
Long Blades    | 2 |  2.5
Armour         | 1 |  1.5
Throwing       | 1 |  1.3
Fighting       | |  2.2
Dodging        | |  1.8
Spellcasting   | |  2.2
Translocations | |  2.9

Action                   || total
-------------------------++-------
Melee: Falchion          ||    86
Throw: Stone             ||    19
       Dart              ||    11
       Boomerang         ||     7
  Use: Scroll            ||     7
       Potion            ||     3
Armor: Ring mail         ||    41
Dodge: Dodged            ||    51

Table legend: (Time is in decaauts)
 A = Elapsed time spent in this place.
 B = Non-inter-level travel time spent in this place.
 C = Inter-level travel time spent in this place.
 D = Time resting spent in this place.
 E = Time spent auto-exploring this place.
 F = Levels seen in this place.
 G = Mean time per level.
                   A        B        C        D        E       F      G
               +--------+--------+--------+--------+--------+-----+--------+
         Total |   2435 |   2303 |    132 |    645 |   1345 |   3 |  811.7 |
       Dungeon |   2435 |   2303 |    132 |    645 |   1345 |   3 |  811.7 |
               +--------+--------+--------+--------+--------+-----+--------+

Top non-repeatable levels by time:
     D:2: 1423 daAuts
     D:1: 894 daAuts
     D:3: 117 daAuts
